 Dungeon Crawl Stone Soup version 0.30-a0-591-g3c58d2bc28 (webtiles) character file.

Game seed: 16775406349172220

31 purpskrrrp the Shooter (level 3, -3/21 HPs)
             Began as a Deep Elf Hunter on Jan 5, 2023.
             Slain by a gnoll
             ... wielding a +0 club
              (4 damage)
             ... on level 1 of the Dungeon.
             The game lasted 00:01:45 (867 turns).

purpskrrrp the Shooter (Deep Elf Hunter)             Turns: 867, Time: 00:01:45

Health: -3/21      AC:  3    Str:  8    XL:     3   Next: 7%
Magic:  5/5        EV: 12    Int: 13    God:
Gold:   49         SH:  0    Dex: 20    Spells: 2/2 levels left

rFire   . . .      SeeInvis .    a - +0 shortbow
rCold   . . .      Faith    .    (shield currently unavailable)
rNeg    . . .      Spirit   .    c - +0 leather armour
rPois   .          Reflect  .    (no helmet)
rElec   .          Harm     .    (no cloak)
rCorr   .          Rampage  .    (no gloves)
Will    .....                    (no boots)
Stlth   ++                       (no amulet)
HPRegen 0.23/turn                (no ring)
MPRegen 0.09/turn                (no ring)

@: no status effects
A: no striking features
a: no special abilities


You were on level 1 of the Dungeon.
You visited 1 branch of the dungeon, and saw 2 of its levels.

You collected 49 gold pieces.

Inventory:

Hand Weapons
 a - a +0 shortbow (weapon)
Armour
 c - a +0 leather armour (worn)
Scrolls
 b - a scroll of immolation
 d - 2 scrolls of identify {unknown}
 e - a scroll of fear {unknown}
 f - a scroll of butterflies {unknown}
 j - a scroll of blinking {unknown}
 k - a scroll of noise {unknown}
Potions
 g - a potion of flight {unknown}
 h - a potion of curing {unknown}
 i - a potion of haste {unknown}


   Skills:
 + Level 1.9 Fighting
 * Level 5.8 Ranged Weapons
 + Level 2.8 Dodging
 * Level 2.4 Stealth


You had 2 spell levels left.
You didn't know any spells.
Your spell library was empty.

Dungeon Overview and Level Annotations

Branches:
Dungeon (2/15)

Altars:


Message History

A ball python is nearby!
A ball python is nearby!
A ball python is nearby!
You shoot an arrow. The arrow hits the ball python.
You kill the ball python!
No target in view!
No target in view!
No target in view!
No target in view!
k - a scroll labelled VALERR JEAHESUM
There is a stone staircase leading down here.
Done exploring.
Done exploring.
No target in view!
Done exploring.
Done exploring.
There is a faded altar of an unknown god here.
This altar belongs to (a) Uskayaw, (b) Fedhas or (c) Vehumet, but you can't tell which.
Press the corresponding letter to learn more about a god, or press enter to convert or escape to cancel.
Okay, then.
There is a faded altar of an unknown god here.
This altar belongs to (a) Wu Jian, (b) Uskayaw or (c) Lugonu, but you can't tell which.
Press the corresponding letter to learn more about a god, or press enter to convert or escape to cancel.
Okay, then.
You see here a +0 short sword.
There is a stone staircase leading down here.
You climb downwards.
The gnoll shouts! x3
The gnoll hits you with a +0 spear. The gnoll completely misses you.
There is a stone staircase leading up here.
The gnoll hits you with a +0 spear. The gnoll completely misses you.
The gnoll hits you with a +0 club.
You climb upwards.
There is a stone staircase leading down here.
Okay, then.
Okay, then.
You shoot an arrow. The arrow hits the gnoll.
The gnoll is lightly wounded.
The gnoll hits you with a +0 spear. The gnoll hits you with a +0 flail.
* * * LOW HITPOINT WARNING * * *
The gnoll hits you with a +0 club.
You die...

#.........#.......# #.......###.
##.........#.#########.........#.
.........[.#.######..........#.#.
.####................##.(....#.##
.# #....##..........##......#.##
.# #....##..........#####.###.##
.####....##.....)....#####.♣♣♣♣..
##.......##..........##...♣♣..♣♣#
.............).g@....##...♣._..♣♣
##...######....g.g...##...♣♣....♣
...#.#...............##....♣♣♣...
##.#.#.#.............##......♣♣..
#.#.#...##....###########.###♣♣.
#...#.......########## #.#...♣♣
#####..####.# #.....# #.#.###♣ #
#...## #.# #.###.####.#..... #
#...# #.# #.# #...##......♣


You could see 3 gnolls.

Vanquished Creatures
  2 worms (D:2)
  A dart slug (D:1)
  A bat (D:1)
  An endoplasm (D:2)
  2 giant cockroaches (D:1)
  4 goblins
  A hobgoblin (D:1)
  A quokka (D:1)
  5 ball pythons
  A frilled lizard (D:2)
  A kobold (D:1)
  3 rats (D:1)
23 creatures vanquished.

Notes
Turn   | Place    | Note
-------+----------+-------------------------------------------
     0 | D:1      | purpskrrrp the Deep Elf Hunter began the quest for the Orb.
     0 | D:1      | Reached XP level 1. HP: 12/12 MP: 3/3
   274 | D:1      | Reached XP level 2. HP: 17/17 MP: 4/4
   287 | D:1      | Found a faded altar of an unknown god.
   302 | D:1      | Found a faded altar of an unknown god.
   378 | D:1      | You fall into a shaft and drop 1 floor!
   592 | D:1      | Reached XP level 3. HP: 21/21 MP: 5/5
   867 | D:1      | HP: 1/21 [gnoll/+0 flail (6)]
   867 | D:1      | Slain by a gnoll

Illustrated notes

Levels and vault maps discovered:
D:1:      minmay_arrival_plants_in_alcoves, layout_basic,
          hellmonk_ecumenical_altar_the_god_not_taken, minmay_worlds_worst_comb
D:2:      minmay_evil_eye, layout_basic, minmay_tiny_reverse_x

Skill      XL: |  1  2 |
---------------+-------+-----
Stealth        | 2 |  2.4
Fighting       | |  1.9
Ranged Weapons | |  5.8
Dodging        | |  2.8

Action                   || total
-------------------------++-------
 Fire: Shortbow          ||    50
Armor: Leather armour    ||     5
Dodge: Dodged            ||    12

Table legend: (Time is in decaauts)
 A = Elapsed time spent in this place.
 B = Non-inter-level travel time spent in this place.
 C = Inter-level travel time spent in this place.
 D = Time resting spent in this place.
 E = Time spent auto-exploring this place.
 F = Levels seen in this place.
 G = Mean time per level.
                   A        B        C        D        E       F      G
               +--------+--------+--------+--------+--------+-----+--------+
         Total |    881 |    786 |     95 |     27 |    613 |   2 |  440.5 |
       Dungeon |    881 |    786 |     95 |     27 |    613 |   2 |  440.5 |
               +--------+--------+--------+--------+--------+-----+--------+

Top non-repeatable levels by time:
     D:1: 760 daAuts
     D:2: 120 daAuts
